 Dungeon Crawl Stone Soup version 0.21-a0-265-gb353147 (console) character file.

75 removed the Conjurer (level 3, -4/26 HPs)
             Began as a Demigod Venom Mage on Sept 10, 2017.
             Killed from afar by an orc wizard (5 damage)
             ... with a magic dart
             ... on level 3 of the Dungeon.
             The game lasted 00:03:29 (1997 turns).

removed the Conjurer (Demigod Venom Mage)           Turns: 1997, Time: 00:03:30

Health: -4/26      AC:  3    Str: 11    XL:     3   Next: 88%
Magic:  1/8        EV: 15    Int: 21    God:
Gold:   96         SH:  0    Dex: 16    Spells: 4/5 levels left

rFire    . . .     SeeInvis .   q - +0 hand axe
rCold    . . .     Gourm    .   (no shield)
rNeg     . . .     Faith    .   a - +0 robe
rPois    .         Spirit   .   (no helmet)
rElec    .         Reflect  .   (no cloak)
rCorr    .         Harm     .   d - +0 pair of gloves
MR       .....                  (no boots)
Stlth    ++........             (no amulet)
HPRegen  0.08/turn              r - +3 ring of evasion
MPRegen  0.11/turn              (no ring)

@: slowed, very slow
A: high mp 1
a: no special abilities


You were on level 3 of the Dungeon.
You were not hungry.

You visited 1 branch of the dungeon, and saw 3 of its levels.

You collected 96 gold pieces.

Inventory:

Hand Weapons
 j - a +0 dagger
 q - a +0 hand axe (weapon)
Missiles
 n - 2 javelins (quivered)
Armour
 a - a +0 robe (worn)
 d - a +0 pair of gloves (worn)
Jewellery
 r - a +3 ring of evasion (left hand)
Scrolls
 h - 2 scrolls of teleportation {unknown}
 l - a scroll of fog {unknown}
 p - a scroll of remove curse {unknown}
Potions
 g - a potion of brilliance {unknown}
 k - a potion of curing {unknown}
 o - 3 potions of heal wounds {unknown}
Books
 b - a Young Poisoner's Handbook

   Spells                             Type                      Level
   a - Sting                          Conjuration/Poison           1
   b - Poisonous Vapours              Poison/Air                   2
   c - Mephitic Cloud                 Conjuration/Poison/Air       3
   d - Olgreb's Toxic Radiance        Poison                       4
   e - Venom Bolt                     Conjuration/Poison           5
Comestibles
 c - a bread ration


   Skills:
 - Level 0.1 Fighting
 - Level 1.7 Dodging
 - Level 1.7 Stealth
 - Level 1.7 Spellcasting
 + Level 3.2 Conjurations
 - Level 3.1 Poison Magic


You had 4 spell levels left.
You knew the following spells:

 Your Spells              Type           Power        Failure   Level  Hunger
a - Sting                 Conj/Pois      ###.         4%          1    #......


Dungeon Overview and Level Annotations

Branches:
Dungeon (3/15)


Innate Abilities, Weirdness & Mutations

You have an increased reservoir of magic. (+10% MP)


Message History

Confirm with . or Enter, or press ? or * to list all spells.
Okay, then.
The orc wizard casts a spell at you. The magic dart hits you!
* * * LOW HITPOINT WARNING * * *
The orc wizard looks more healthy.
The orc wizard gestures wildly while chanting.
The orc wizard blinks!
The orc wizard mumbles some strange words.
The orc wizard blinks!
The orc wizard gestures at you while chanting.
You feel yourself slow down. The orc closely misses you.
There is an open door here.
The orc wizard points at you and mumbles some strange words.
The magic dart hits you!
* * * LOW HITPOINT WARNING * * *
The orc wizard casts a spell at you. The magic dart hits you!
You die...

######......+..[....'..#
#......#ยง......####
#......o.......#
#.########....##
#.......^#oo###
##.#####.#..# #.>#
#.#o.# #### #.#'## #.#@#
#.#.# #...# #####


You could see an orc wizard and 2 orcs.

Vanquished Creatures
  4 adders
  A dart slug (D:1)
  2 leopard geckos
  3 giant cockroaches
  2 hobgoblins
  2 quokkas (D:2)
  A ball python (D:1)
  5 bats
  3 frilled lizards
  3 goblins
  5 kobolds
  7 rats
38 creatures vanquished.

Notes
Turn   | Place    | Note
-------+----------+-------------------------------------------
     0 | D:1      | removed the Demigod Venom Mage began the quest for the Orb.
     0 | D:1      | Reached XP level 1. HP: 14/14 MP: 5/5
     2 | D:1      | Noticed an elf
     2 | D:1      | Noticed a gargoyle
     4 | D:1      | Noticed an ogre
     4 | D:1      | Noticed a dwarf
     6 | D:1      | Noticed a halfling
     6 | D:1      | Noticed a ghoul
     8 | D:1      | Noticed a formicid
    10 | D:1      | Noticed a draconian
    10 | D:1      | Noticed a tengu
    12 | D:1      | Noticed a demigod
    12 | D:1      | Noticed an octopode
    14 | D:1      | Noticed a centaur
    14 | D:1      | Noticed a troll
    16 | D:1      | Noticed a naga
    16 | D:1      | Noticed a merfolk
    18 | D:1      | Noticed a felid
    18 | D:1      | Noticed a vine stalker
    20 | D:1      | Noticed a spriggan
    20 | D:1      | Noticed a vampire
    24 | D:1      | Noticed a demonspawn
    24 | D:1      | Noticed a human
    27 | D:1      | Noticed a minotaur
    51 | D:1      | Reached skill level 1 in Conjurations
   548 | D:1      | Reached XP level 2. HP: 20/20 MP: 4/7
  1109 | D:2      | Found a faded altar of an unknown god.
  1183 | D:2      | Reached XP level 3. HP: 26/26 MP: 3/8
  1910 | D:3      | Found an ornate altar of the Wu Jian Council.
  1997 | D:3      | HP: 1/26 [orc wizard/magic dart (5)]
  1997 | D:3      | Killed from afar by an orc wizard

Vault maps used:
D:1:      kb_arrival_jail
D:2:      chequers_ecumenical_altar_simple, roderic_lattice_a
D:3:      gammafunk_temple_overflow_pools, lemuel_crystal_altar,
          portal_sewer_entry_b, corner_web_ring,
          nicolae_gozag_cash_rules_everything_around_me

Skill      XL: |  1  2  3 |
---------------+----------+-----
Conjurations   | 2 3 |  3.2
Poison Magic   | 3 |  3.1
Fighting       | |  0.1
Dodging        | |  1.7
Stealth        | |  1.7
Spellcasting   | |  1.7

Action                   || total
-------------------------++-------
Melee: Unarmed           ||     1
       Hand axe          ||     8
 Cast: Sting             ||    93
  Eat: Chunk             ||     5
Armor: Robe              ||     8
Dodge: Dodged            ||    33

Table legend:
 A = Spawn XP
 B = Non-spawn XP
 C = Spawn XP percentage of total XP
 D = Spawn monster count
 E = Non-spawn monster count
 F = Spawn count percentage of total count
 G = Total turns spent on level
                    A         B        C        D         E        F      G
               +---------+---------+-------+---------+---------+-------+---------
         Total |       0 |     108 |   0.0 |       0 |      38 |   0.0 |  1997
               +---------+---------+-------+---------+---------+-------+---------
           D:1 |       0 |      26 |   0.0 |       0 |      16 |   0.0 |  1018
           D:2 |       0 |      38 |   0.0 |       0 |      15 |   0.0 |   857
           D:3 |       0 |      44 |   0.0 |       0 |       7 |   0.0 |   122
               +---------+---------+-------+---------+---------+-------+---------
